 Dungeon Crawl Stone Soup version 0.27.0-65-ge2af304b15 (webtiles) character file.

Game seed: 6224491777466837926

361 Araneus the Sneak (level 6, -2/39 HPs)
             Began as an Octopode Brigand on Aug 18, 2021.
             Slain by Pikel (4 damage)
             ... on level 4 of the Dungeon.
             The game lasted 00:08:31 (4777 turns).

Araneus the Sneak (Octopode Brigand)                Turns: 4777, Time: 00:08:31

Health: -2/39      AC:  1    Str: 10    XL:     6   Next: 66%
Magic:  6/6        EV: 13    Int: 20    God:
Gold:   224        SH:  0    Dex: 15    Spells: 5/5 levels left

rFire    . . .     SeeInvis .   k - +2 dagger (venom)
rCold    . . .     Faith    .   (no shield)
rNeg     . . .     Spirit   .   (helmet restricted)
rPois    +         Reflect  .   (no amulet)
rElec    .         Harm     .   h - +6 ring of intelligence
rCorr    .         Rampage  .   (no ring)
Will     .....                  (no ring)
Stlth    ++++......             (no ring)
HPRegen  0.13/turn              (no ring)
MPRegen  0.10/turn              (no ring)
                                (no ring)
                                (no ring)

@: no status effects
A: almost no armour, amphibious, 8 rings, camouflage 1, gelatinous body 1,
(nimble swimmer 1), tentacles, poison resistance, MP-powered wands
a: no special abilities


You were on level 4 of the Dungeon.
You visited 1 branch of the dungeon, and saw 4 of its levels.

You collected 224 gold pieces.

Inventory:

Hand Weapons
 k - a +2 dagger of venom (weapon)
 n - a +0 rapier
Missiles
 b - 8 poisoned darts (quivered)
 c - 2 curare-tipped darts
 d - a throwing net
Jewellery
 h - a +6 ring of intelligence (left tentacle)
Wands
 p - a wand of iceblast (10)
Scrolls
 a - a scroll of acquirement {unknown}
 f - 2 scrolls of magic mapping {unknown}
 j - a scroll of identify {unknown}
 m - a scroll of teleportation {unknown}
 o - a scroll of summoning {unknown}
Potions
 e - 2 potions of curing
 g - 2 potions of mutation
 i - a potion of cancellation {unknown}
 l - a potion of flight {unknown}


   Skills:
 - Level 2.0 Fighting
 + Level 5.8 Short Blades
 - Level 2.0 Throwing
 + Level 1.7 Dodging
 - Level 7.0 Stealth


You had 5 spell levels left.
You didn't know any spells.
Your spell library contained the following spells:

 Spells                   Type           Power      Damage    Failure   Level
 Beastly Appendage        Tmut           0%         N/A       19%         1
 Blink                    Tloc           N/A        N/A       28%         2
 Wereblood                Tmut           0%         N/A       28%         2
 Spider Form              Tmut/Pois      0%         N/A       50%         3
 Manifold Assault         Tloc           0%         N/A       99%         5
 Storm Form               Tmut/Air       0%         N/A       100%        7


Dungeon Overview and Level Annotations

Branches:
Dungeon (4/15)
 Temple: D:4-7

Altars:
Cheibriados
Gozag

Annotations:
D:4 Pikel


Innate Abilities, Weirdness & Mutations

You cannot wear most types of armour.
You are amphibious.
You can wear up to eight rings at the same time.
Your skin changes colour to match your surroundings (Stealth+).
Your rubbery body absorbs attacks. (AC +1, EV +1)
((You are camouflaged near water. (Stealth+)))
You have tentacles for arms and can constrict up to eight enemies at once.
Your system is resistant to poisons. (rPois)
You expend magic power (3 MP) to strengthen your wands.


Message History

You squeeze the lemure, but do no damage.
The lemure is moderately wounded.
You constrict the lemure, but do no damage.
You hear a shout!
The lemure closely misses you.
You hit the lemure.
The lemure looks as sick as possible!
The lemure is moderately wounded.
You constrict the lemure, but do no damage.
The lemure completely misses you.
A lemure comes into view.
The lemure shouts!
You hit the lemure.
The lemure looks as sick as possible!
The lemure is severely wounded.
You constrict the lemure, but do no damage.
You hear a shout!
The lemure hits you.
You hit the lemure.
The lemure is severely wounded.
You constrict the lemure. You barely miss the lemure.
The lemure is severely wounded.
You constrict the lemure.
A lemure comes into view.
The lemure closely misses you.
The lemure shouts!
You hit the lemure.
The lemure looks as sick as possible!
The lemure is almost dead.
You constrict the lemure, but do no damage.
You kill the lemure!
That felt strangely unrewarding.
You barely miss something. You closely miss something. Something hits you!
* * * LOW HITPOINT WARNING * * *
Something burns you.
* * * LOW HITPOINT WARNING * * *
It was a potion of mutation.
You feel extremely strange.
You feel your magical essence link to the dungeon's wands.
You feel resistant to poisons. Something hits you.
You die...

#.####.####.# #.##. ##..
#.#.....<...# #.#.. ##
#.#.##.###### #.#.# #.##.#
#.#.# #.##.# #.#.# #.##.#
#############.#.###
#.##.###.(............#..#
#........##########....#.####
####.###......@.555..........
#.# #.##########...##.5.## #
#.# #.# ##......... #. ..#
#.# #.####.... .#### #.# #.#
## ..# #.# #.# #.####.## #.#
#<....... ... #.####.#. #.#


You could see 3 lemures.

Vanquished Creatures
  An ogre (D:4)
  A lemure (D:4)
  A bullfrog (D:3)
  A scorpion (D:3)
  Ijyb (D:4)
  4 adders
  4 worms
  4 dart slugs
  An orc (D:4)
  7 bats
  6 endoplasms
  6 giant cockroaches
  4 goblins
  2 hobgoblins (D:1)
  10 jackals
  3 quokkas
  10 ball pythons
  5 frilled lizards
  4 kobolds
  7 rats
82 creatures vanquished.

Vanquished Creatures (others)
  3 plants (D:4)
3 creatures vanquished.

Grand Total: 85 creatures vanquished

Notes
Turn   | Place    | Note
-------+----------+-------------------------------------------
     0 | D:1      | Araneus the Octopode Brigand began the quest for the Orb.
     0 | D:1      | Reached XP level 1. HP: 14/14 MP: 1/1
   114 | D:1      | Reached XP level 2. HP: 19/19 MP: 2/2
   182 | D:1      | Reached skill level 6 in Stealth
   960 | D:1      | Reached XP level 3. HP: 24/24 MP: 3/3
  1617 | D:2      | Noticed a floating eye
  1619 | D:2      | Found a faded altar of an unknown god.
  1621 | D:2      | Noticed a shining eye
  1627 | D:2      | Noticed a golden eye
  1842 | D:2      | Reached skill level 7 in Stealth
  2125 | D:2      | Noticed a golden eye
  2130 | D:2      | Reached XP level 4. HP: 29/29 MP: 4/4
  3013 | D:3      | Found a snail-covered altar of Cheibriados.
  3013 | D:3      | Found an opulent altar of Gozag.
  3343 | D:3      | Noticed a bullfrog
  3346 | D:3      | Killed a bullfrog
  3347 | D:3      | Reached XP level 5. HP: 34/34 MP: 5/5
  4218 | D:3      | Reached skill level 5 in Short Blades
  4218 | D:3      | Reached XP level 6. HP: 12/39 MP: 6/6
  4388 | D:4      | Noticed Ijyb
  4395 | D:4      | Killed Ijyb
  4754 | D:4      | Noticed Pikel
  4777 | D:4      | Gained mutation: You expend magic power (3 MP) to
                  | strengthen your wands. [potion of mutation]
  4777 | D:4      | Gained mutation: Your system is resistant to poisons.
                  | (rPois) [potion of mutation]
  4777 | D:4      | Slain by Pikel

Illustrated notes

Levels and vault maps discovered:
D:1:      sevenhm_arrival_forest_fort_small_6, layout_basic
D:2:      kb_forest_paths, layout_loops_ring,
          hellmonk_ecumenical_altar_watching_god, minmay_crystal_room
D:3:      layout_loops_ring, gammafunk_temple_overflow_elements,
          wander_ebering_terrifying_dragon_lair
D:4:      layout_loops_ring, serial_shops, nicolae_inconvenience_store, shop,
          serial_bayou_pond_c, uniq_pikel, uniq_ijyb

Skill      XL: |  1  2  3  4  5 |
---------------+----------------+-----
Stealth        | 6 7 |  7.0
Short Blades   | 4 5 |  5.8
Fighting       | |  2.0
Throwing       | |  2.0
Dodging        | |  1.7

Action                   |  1- 3 |  4- 6 || total
-------------------------+-------+-------++-------
Melee: Dagger            |    73 |    77 ||   150
       Constrict         |    17 |    12 ||    29
       Tentacles         |    10 |    12 ||    22
Throw: Dart              |       |     3 ||     3
  Use: Potion            |     1 |     2 ||     3
 Stab: Sleeping          |    17 |    20 ||    37
       Distracted        |       |     2 ||     2
Armor: Skin              |     2 |     3 ||     5
Dodge: Dodged            |    29 |    29 ||    58
